 Dungeon Crawl Stone Soup version 0.31-a0-667-g39726597b9 (webtiles) character file.

Game seed: 11560992723872166883

52 Descartes the Changeling (level 3, -1/16 HPs)
             Began as a Felid Shapeshifter on Sept 4, 2023.
             Succumbed to an adder's poison
             ... on level 2 of the Dungeon.
             The game lasted 00:01:13 (1430 turns).

Descartes the Changeling (Felid Shapeshifter)       Turns: 1430, Time: 00:01:13

Health: -1/16      AC:  1    Str: 12    XL:     3   Next: 60%
Magic:  4/4        EV: 17    Int: 11    God:
Gold:   173        SH:  0    Dex: 15    Spells: 2/2 levels left
                                        Lives:  0   Deaths: 1

rFire   . .          .
                       - Unarmed
rCold   . . .        (shield unavailable)
rNeg    . . .        (body armour unavailable)
rPois   .            (helmet unavailable)
rElec   .            (cloak unavailable)
rCorr   .            (gloves unavailable)
SInv    +            (boots unavailable)
Will    .....        (no amulet)
Stlth   ++           (no ring)
HPRegen 0.22/turn    (no ring)
MPRegen 0.09/turn

%: no passive effects
@: lethally poisoned (-1 -> -9), beast-form, quick
A: beast (slay +2), very small, claws 1, fangs 3, see invisible, speed 1, shaggy
fur 1, stealthy paws, no weapons or thrown items, no armour, multi-lived
a: Begin Untransformation


You were on level 2 of the Dungeon.
You were a hulking beast.
You visited 1 branch of the dungeon, and saw 2 of its levels.

You collected 173 gold pieces.

Inventory:

Jewellery
 i - a ring of fire
Talismans
 b - a beast talisman (active)
 c - a flux talisman
Scrolls
 d - 2 scrolls of amnesia {unknown}
 e - a scroll of teleportation {unknown}
 f - 3 scrolls of noise {unknown}
 g - 2 scrolls of identify {unknown}
Potions
 a - a potion of lignification
 h - a potion of degeneration {unknown}


   Skills:
 + Level 1.7 Fighting
 + Level 3.3 Dodging
 + Level 2.0 Stealth
 + Level 3.3 Unarmed Combat
 + Level 3.6 Shapeshifting


You had 2 spell levels left.
You didn't know any spells.
Your spell library was empty.

Dungeon Overview and Level Annotations

Branches:
Dungeon (2/15)

Altars:


Innate Abilities, Weirdness & Mutations

You are a hulking beast.
Your limbs bulge with bestial killing power. (Slay +2)
You have sharp claws.
You have razor-sharp teeth.
You have supernaturally acute eyesight. (SInv)
You cover ground quickly. (Speed+)
You are covered in fur. (AC +1)
Your paws help you pounce on unaware monsters.
You are incapable of wielding weapons or throwing items.
You cannot wear armour.
You gain extra lives every three experience levels.


Message History

The adder is almost dead.
You feel sick. The adder bites you.
An endoplasm comes into view.
The adder barely misses you.
You completely miss the adder.
The endoplasm quivers.
You bite the adder.
You kill the adder!
You feel sick.
Your Stealth skill increases to level 2!
You are too injured to fight recklessly!
You are too injured to fight recklessly!
You are too injured to fight recklessly!
You are too injured to fight recklessly!
Unknown command.
You feel sick. The quokka attacks as it pursues you!
The quokka barely misses you. The frilled lizard closely misses you.
The quokka attacks as it pursues you! The quokka closely misses you.
You feel sick.
You feel sick.
You are no longer poisoned.
The quokka attacks as it pursues you! The quokka closely misses you.
You see here a purple potion.
You see here a +0 dagger.
An adder comes into view.
The adder hisses angrily.
The adder attacks as it pursues you! The adder bites you.
You are lethally poisoned!
The adder poisons you!
You feel sick.
You scratch the adder. Your bite misses the adder.
The adder is moderately wounded.
* * * LOW HITPOINT WARNING * * *
You feel sick. The adder closely misses you. The adder bites you.
* * * LOW HITPOINT WARNING * * *
You are more poisoned.
The adder poisons you!
You claw the adder!
You kill the adder!
You die...

.# .#
...#.#.........# .# .
..####.#g#.###.#####
.# .# ...........#
#†# .##.. #.#
####....### #.# ...
#.# #..#######.# #.#
#.# #..........# ..#
#.# #r########.# ..#
#.# #†########.#
..######.#
#h##.......#
.........#
#.##.#######
.#######.## #.##.#
.#........# #.##.#
.#.#####..######.##.#
†#.#####...........[#
......###.##.########
.#.##.# #.##.# .#.# #
#.##.#


You could see a quokka and a hobgoblin.

Vanquished Creatures
  3 adders (D:2)
  2 dart slugs
  2 endoplasms (D:1)
  A goblin (D:2)
  2 hobgoblins
  2 quokkas
  4 ball pythons (D:1)
  5 bats
  6 frilled lizards
  2 kobolds
  4 rats
33 creatures vanquished.

Notes
Turn   | Place    | Note
-------+----------+-------------------------------------------
     0 | D:1      | Descartes the Felid Shapeshifter began the quest for the
                  | Orb.
     0 | D:1      | Reached XP level 1. HP: 9/9 MP: 2/2
   211 | D:1      | Reached XP level 2. HP: 10/12 MP: 3/3
   233 | D:1      | Reached skill level 1 in Stealth
  1074 | D:2      | Slain by a bat
  1225 | D:2      | Reached XP level 3. HP: 15/15 MP: 4/4
  1430 | D:2      | Succumbed to an adder's poison

Illustrated notes

Levels and vault maps discovered:
D:1:      minmay_arrival_four_loops, layout_basic, minmay_tree_intersection,
          st_stairs_11
D:2:      layout_loops_ring

Skill      XL: |  1  2  3 |
---------------+----------+-----
Stealth        | 1 2 |  2.0
Dodging        | 3 |  3.3
Fighting       | |  1.7
Unarmed Combat | |  3.3
Shapeshifting  | |  3.6

Action                     || total
---------------------------++-------
  Melee: Unarmed           ||    75
         Bite              ||     4
         Punch             ||     2
   Stab: Sleeping          ||     3
 Armour: Skin              ||    20
  Dodge: Dodged            ||    61

Table legend: (Time is in decaauts)
 A = Elapsed time spent in this place.
 B = Non-inter-level travel time spent in this place.
 C = Inter-level travel time spent in this place.
 D = Time resting spent in this place.
 E = Time spent auto-exploring this place.
 F = Levels seen in this place.
 G = Mean time per level.
                   A        B        C        D        E       F      G
               +--------+--------+--------+--------+--------+-----+--------+
         Total |   1173 |   1153 |     20 |      0 |    956 |   2 |  586.5 |
       Dungeon |   1173 |   1153 |     20 |      0 |    956 |   2 |  586.5 |
               +--------+--------+--------+--------+--------+-----+--------+

Top non-repeatable levels by time:
     D:1: 811 daAuts
     D:2: 362 daAuts
